AoeStats
← stone wall killer

African Clearing

510513000Analyzed
2v2 RM · 15h ago on Oct 1, 2026· 39m 31s· 4 players
Game mode
Random Map
Map size
Medium (4 player)
Population
200
Speed
Normal
Resources
Standard
Victory
Conquest
Starting age
Dark Age
Ending age
Imperial Age
RankedLock teamsTeams togetherTeam positionsShared explorationLock speedFull tech treeHidden civsTurbo modeCheats
Victory
Defeat
🇬🇧 Burgundians · United Kingdom
718
+12
🇧🇷 Aztecs · Brazil
674
+14
🇨🇳 Saxons · China
654
-14
🇷🇺 Danes · Russia
606
-12
viny
5:56 Loom
16:45 Feudal Age
17:15 Town Watch
17:08 Man-at-Arms
26:24 Castle Age
27:21 Stone Mining
27:34 Town Patrol
28:12 Wheelbarrow
drlovepump
10:50 Loom
13:46 Wheelbarrow
13:45 Horse Collar
13:54 Double-Bit Axe
19:24 Feudal Age
21:03 Bow Saw
20:56 Heavy Plow
20:50 Gold Mining
20:50 Stone Mining
21:30 Hand Cart
24:59 Castle Age
23:44 Gold Shaft Mining
23:00 Stone Mining
24:39 Scale Barding Armor
25:26 Forging
26:18 Husbandry
25:40 Light Cavalry
27:14 Chain Barding Armor
27:46 Town Watch
28:13 Cavalier
30:02 Stone Shaft Mining
30:44 Iron Casting
31:31 Squires
33:38 Town Patrol
35:34 Crop Rotation
36:07 Two-Man Saw
35:20 Elite Skirmisher
stone wall builder
5:57 Loom
12:21 Feudal Age
15:57 Castle Age
14:13 Double-Bit Axe
14:46 Horse Collar
18:25 Bow Saw
25:54 Town Watch
26:58 Wheelbarrow
27:57 Husbandry
28:33 Hand Cart
29:14 Gold Mining
29:15 Stone Mining
32:00 Imperial Age
29:52 Fletching
30:04 Padded Archer Armor
30:36 Thumb Ring
30:56 Gold Mining
31:39 Ballistics
31:41 Bodkin Arrow
32:02 Leather Archer Armor
32:57 Bracer
34:06 Chemistry
33:42 Heavy Mounted Crossbowman
34:13 Cranequins
36:03 Conscription
35:38 Guard Tower
35:34 Arrowslits
35:29 Treadmill Crane
35:46 Murder Holes
38:16 Gold Shaft Mining
stone wall killer
12:21 Feudal Age
17:40 Castle Age
15:46 Double-Bit Axe
16:21 Fishing Lines
18:44 Bow Saw
19:21 Wheelbarrow
20:38 Loom
21:31 Fervor
23:52 Horse Collar
24:36 Heavy Plow
27:06 Sanctity
27:13 Gillnets
28:15 Hand Cart
33:15 Imperial Age
32:43 Scale Mail Armor
32:54 Forging
32:58 Fletching
34:41 Siege Engineers
35:42 Chemistry
35:06 Chain Mail Armor
35:27 Iron Casting
34:55 Gold Mining
34:56 Stone Mining
35:54 Ballistics
36:14 Gold Shaft Mining
36:20 Gold Shaft Mining
35:54 Squires
36:28 Conscription
37:12 Plate Mail Armor
37:01 Elite Jomsviking
38:47 Blast Furnace
38:23 Arson
38:06 Hamask
39:44 Bodkin Arrow
Connection lost

Rejoining the realm…

Still unreachable

The connection could not be restored.

Session expired

The server has moved on; the page needs a fresh start.